 Dungeon Crawl Stone Soup version 0.30-a0-883-g5ad918d77d (webtiles) character file.

Game seed: 13492544001175797281

10199 benadryl the Covert (level 11, -3/86 HPs)
             Began as a Gnoll Brigand on Mar 15, 2023.
             Was a Believer of Nemelex Xobeh.
             Slain by a cane toad (8 damage)
             ... on level 1 of the Lair of Beasts.
             The game lasted 00:35:46 (12915 turns).

benadryl the Covert (Gnoll Brigand)                Turns: 12915, Time: 00:35:47

Health: -3/86      AC: 17    Str: 13    XL:     11   Next: 58%
Magic:  21/21      EV:  6    Int: 13    God:    Nemelex Xobeh [**....]
Gold:   705        SH:  0    Dex: 19    Spells: 22/23 levels left

rFire   . . .      SeeInvis .    D - +12 glaive of Prune {freeze, Prune}
rCold   . . .      Faith    .    (shield currently unavailable)
rNeg    . . .      Spirit   .    c - +0 plate armour
rPois   .          Reflect  .    s - +0 helmet
rElec   .          Rampage  .    q - +0 cloak {Stlth+}
rCorr   .                        v - +1 pair of gloves
Will    .....                    (no boots)
Stlth   +                        t - amulet of the acrobat
HPRegen 0.34/turn                w - +6 ring of dexterity
MPRegen 0.17/turn                (no ring)

@: no status effects
A: fangs 1, strong nose, distributed training
a: Renounce Religion, Draw Escape, Draw Destruction, Draw Summoning


You were on level 1 of the Lair of Beasts.
You worshipped Nemelex Xobeh.
Nemelex Xobeh was pleased with you.
You visited 2 branches of the dungeon, and saw 11 of its levels.

You collected 705 gold pieces.

Inventory:

Hand Weapons
 a - a +2 dagger
 x - a +0 sling
 D - the +12 glaive of Prune (weapon) {freeze, Prune}
   (You acquired it on level 6 of the Dungeon)

   Prune:     It halves damage taken while paralysed, petrified or unconscious.
 H - a +2 shortbow of electrocution
Missiles
 d - 34 poisoned darts (quivered)
 e - 2 curare-tipped darts
 g - 2 silver javelins
 G - 4 throwing nets
Armour
 c - a +0 plate armour (worn)
 h - a +0 robe
 p - an orb of guile
 q - a +0 cloak of stealth (worn)
 s - a +0 helmet (worn)
 v - a +1 pair of gloves (worn)
 y - a +0 kite shield
Magical Staves
 b - a staff of death
Jewellery
 t - an amulet of the acrobat (around neck)
 w - a +6 ring of dexterity (left hand)
 B - a ring of ice
 J - an amulet of magic regeneration
Wands
 F - a wand of acid (3)
Scrolls
 j - a scroll of torment
 l - a scroll of immolation
 m - 5 scrolls of noise
 n - 3 scrolls of teleportation
 A - a scroll of magic mapping
 C - a scroll of butterflies
 I - a scroll of amnesia {unknown}
Potions
 f - 2 potions of haste {unknown}
 i - 3 potions of flight
 k - 6 potions of mutation
 o - 3 potions of attraction
 r - 3 potions of magic
 u - 3 potions of brilliance
 z - 3 potions of cancellation
 E - 2 potions of degeneration


   Skills:
 + Level 8.2 Fighting
 + Level 8.2 Short Blades
 + Level 6.6 Long Blades
 + Level 6.6 Axes
 + Level 6.6 Maces & Flails
 + Level 6.6 Polearms
 + Level 6.6 Staves
 + Level 6.6 Ranged Weapons
 + Level 8.2 Throwing
 + Level 6.6 Armour
 + Level 7.2 Dodging
 + Level 10.3 Stealth
 + Level 6.6 Shields
 + Level 6.6 Unarmed Combat
 + Level 6.6 Spellcasting
 + Level 5.5 Conjurations
 + Level 5.5 Hexes
 + Level 5.5 Summonings
 + Level 5.5 Necromancy
 + Level 5.5 Translocations
 + Level 5.5 Transmutations
 + Level 5.5 Fire Magic
 + Level 5.5 Ice Magic
 + Level 5.5 Air Magic
 + Level 5.5 Earth Magic
 + Level 5.5 Poison Magic
 + Level 7.3 Invocations
 + Level 6.6 Evocations


You had 22 spell levels left.
You knew the following spells:

 Your Spells              Type           Power      Damage    Failure   Level
a - Necrotise             Necr           72%        1d7       82%         1

Your spell library contained the following spells:

 Spells                   Type           Power      Damage    Failure   Level
 Apportation              Tloc           36%        N/A       82%         1
 Summon Small Mammal      Summ           72%        N/A       82%         1
 Cigotuvi's Dreadful Rot  Necr/Pois/Air  36%        N/A       91%         2
 Poisonous Vapours        Pois/Air       36%        N/A       91%         2
 Frozen Ramparts          Ice            36%        1d6       99%         3
 Kindle Blastsparks       Fire/Tloc/Air  36%        2d13      99%         3
 Mephitic Cloud           Conj/Pois/Air  18%        N/A       99%         3
 Animate Dead             Necr           18%        N/A       100%        4
 Fulminant Prism          Conj/Hex       9%         3d7       100%        4
 Ice Form                 Ice/Tmut       18%        N/A       100%        4
 Iskenderun's Mystic Bla  Conj/Tloc      18%        2d6       100%        4
 Summon Ice Beast         Ice/Summ       18%        N/A       100%        4
 Borgnjor's Vile Clutch   Necr/Erth      9%         N/A       100%        5
 Lee's Rapid Deconstruct  Erth           9%         3d7*      100%        5
 Death Channel            Necr           9%         N/A       100%        6


Dungeon Overview and Level Annotations

Branches:
Dungeon (10/15)            Temple (0/1) D:7            Lair (1/5) D:8
    Orc: D:9-12

Altars:
Fedhas
Nemelex Xobeh
Qazlal
Wu Jian
Zin

Shops:
D:2 :

Annotations:
D:7 1 runed translucent door, Crazy Yiuf
Abyss:1 Maggie


Innate Abilities, Weirdness & Mutations

You have very sharp teeth.
Your uncanny sense of smell can sniff out nearby items.
Your experience applies equally to all skills.


Message History

The cane toad stings you but does no damage.
You slash the cane toad! You freeze the cane toad.
The cane toad is heavily wounded.
The cane toad stings you!
You are poisoned.
The cane toad poisons you!
The cane toad stings you but does no damage.
You completely miss the cane toad.
The cane toad is heavily wounded.
You feel extremely sick.
The cane toad stings you but does no damage.
The cane toad stings you!
You are more poisoned.
The cane toad poisons you!
You barely miss the cane toad.
You bite the cane toad, but do no damage.
The cane toad is severely wounded.
You feel extremely sick.
The cane toad stings you but does no damage.
You barely miss the cane toad.
The cane toad is severely wounded.
You feel extremely sick. The cane toad stings you!! The cane toad stings you.
The cane toad attacks as you move away! The cane toad stings you!
* * * LOW HITPOINT WARNING * * *
x2 You feel very sick.
Okay, then.
You feel better. The cane toad stings you.
* * * LOW HITPOINT WARNING * * *
You draw a card...
You have drawn the Orb.
Press: ? - help, Shift-Dir - straight line, f/p - cane toad
Aim: a cane toad (severely wounded, very poisoned)
The wavering orb of destruction weakly hits the cane toad!
The cane toad is almost dead.
The cane toad stings you!
* * * LOW HITPOINT WARNING * * *
The cane toad stings you!
You die...
Your body disappears without a glow.

#.(
####..#####
#....(....#
#.....(...##
#.........P
##.......(.#
#P.........#
##......F..##
#.......@..P#
#..........##
##.......(.#
#..#.####.#
####.# ##
#P.# #..#
#..# #..#


You could see a cane toad (very poisoned).

Vanquished Creatures
  A two-headed ogre (D:10)
  A gargoyle (D:10)
  A kobold demonologist (D:9)
  An unseen horror (D:10)
  2 komodo dragons
  A burning bush (Lair:1)
  Grinder (D:5)
  A polar bear (Lair:1)
  A slime creature (D:8)
  A wraith (D:10)
  A vampire (D:10)
  Eustachio (D:6)
  14 yaks
  A water moccasin (D:7)
  Duvessa (D:5)
  4 orc warriors
  2 black bears
  An ice beast (D:6)
  2 ogres
  2 centaurs
  5 kobold brigands (D:8)
  7 bullfrogs
  A gnoll sergeant (D:7)
  3 scorpions
  7 wights
  Dowan (D:5)
  9 killer bees
  6 howler monkeys
  A crimson imp (D:4)
  5 hounds
  6 jellies
  12 orc priests
  2 iguanas
  2 sleepcaps
  7 orc wizards
  19 gnolls
  6 adders
  A shadow imp (D:8)
  3 white imps
  A worm (D:3)
  2 dart slugs
  44 orcs
  8 ball pythons
  8 endoplasms
  A giant cockroach (D:2)
  5 goblins
  6 hobgoblins
  10 jackals
  11 kobolds
  2 quokkas
  3 bats
  5 rats
249 creatures vanquished.

Vanquished Creatures (others)
  An orc wizard (D:5)
  A bush (D:10)
  6 fungi (D:8)
  11 plants
  5 toadstools (D:8)
24 creatures vanquished.

Grand Total: 273 creatures vanquished

Notes
Turn   | Place    | Note
-------+----------+-------------------------------------------
     0 | D:1      | benadryl the Gnoll Brigand began the quest for the Orb.
     0 | D:1      | Reached XP level 1. HP: 20/20 MP: 1/1
   238 | D:1      | Reached XP level 2. HP: 20/26 MP: 2/2
   370 | D:1      | You fall into a shaft and drop 1 floor!
   424 | D:2      | Reached XP level 3. HP: 30/31 MP: 3/3
   436 | D:2      | Reached skill level 1 in Invocations
   503 | D:2      | Learned a level 1 spell: Necrotise
   557 | D:2      | Reached skill level 1 in Long Blades
   557 | D:2      | Reached skill level 1 in Axes
   557 | D:2      | Reached skill level 1 in Maces & Flails
   557 | D:2      | Reached skill level 1 in Polearms
   557 | D:2      | Reached skill level 1 in Staves
   557 | D:2      | Reached skill level 1 in Ranged Weapons
   557 | D:2      | Reached skill level 1 in Armour
   557 | D:2      | Reached skill level 1 in Shields
   557 | D:2      | Reached skill level 1 in Unarmed Combat
   557 | D:2      | Reached skill level 1 in Spellcasting
   557 | D:2      | Reached skill level 1 in Evocations
   601 | D:2      | Reached XP level 4. HP: 10/38 MP: 5/5
   830 | D:2      | Found Wubonwy's Book Emporium.
   907 | D:2      | Reached skill level 1 in Conjurations
   907 | D:2      | Reached skill level 1 in Hexes
   907 | D:2      | Reached skill level 1 in Summonings
   907 | D:2      | Reached skill level 1 in Necromancy
   907 | D:2      | Reached skill level 1 in Translocations
   907 | D:2      | Reached skill level 1 in Transmutations
   907 | D:2      | Reached skill level 1 in Fire Magic
   907 | D:2      | Reached skill level 1 in Ice Magic
   907 | D:2      | Reached skill level 1 in Air Magic
   907 | D:2      | Reached skill level 1 in Earth Magic
   907 | D:2      | Reached skill level 1 in Poison Magic
  1369 | D:3      | Reached XP level 5. HP: 43/43 MP: 4/7
  1678 | D:3      | Reached skill level 8 in Stealth
  2088 | D:4      | Reached XP level 6. HP: 46/50 MP: 8/8
  2174 | D:4      | Reached skill level 5 in Fighting
  2174 | D:4      | Reached skill level 5 in Short Blades
  2174 | D:4      | Reached skill level 5 in Throwing
  2335 | D:4      | Noticed a black bear
  2341 | D:4      | Killed a black bear
  2464 | D:4      | Reached XP level 7. HP: 56/56 MP: 10/10
  3274 | D:5      | Entered Level 5 of the Dungeon
  3388 | D:5      | Noticed Grinder
  3454 | D:5      | Paralysed by Grinder for 2 turns
  3469 | D:5      | Paralysed by Grinder for 2 turns
  3478 | D:5      | Killed Grinder
  3479 | D:5      | Reached XP level 8. HP: 59/63 MP: 12/12
  4029 | D:5      | Noticed Duvessa
  4030 | D:5      | Noticed Dowan
  4038 | D:5      | Killed Duvessa
  4046 | D:5      | Killed Dowan
  4986 | D:6      | Reached XP level 9. HP: 69/69 MP: 14/14
  5056 | D:6      | Identified a scroll of acquirement
  5181 | D:6      | Noticed Eustachio
  5206 | D:6      | Killed Eustachio
  5578 | D:6      | Found a stormy altar of Qazlal.
  5579 | D:6      | Noticed Maggie
  5596 | D:6      | Reached skill level 5 in Dodging
  5721 | D:6      | Found a sparkling altar of Nemelex Xobeh.
  5727 | D:6      | Banished Maggie
  5728 | D:6      | Reached skill level 9 in Stealth
  5738 | D:6      | Found an ornate altar of the Wu Jian Council.
  5742 | D:6      | Found a blossoming altar of Fedhas.
  5752 | D:6      | Found a glowing silver altar of Zin.
  5774 | D:6      | Became a worshipper of Nemelex Xobeh the Trickster
  5868 | D:6      | Acquired the +12 glaive of Prune {freeze, Prune}
  5868 | D:6      | Found the +12 glaive of Prune {freeze, Prune}
  6423 | D:7      | Found a runed translucent door.
  6424 | D:7      | Noticed Crazy Yiuf
  6474 | D:7      | Reached skill level 5 in Invocations
  6505 | D:7      | Found a staircase to the Ecumenical Temple.
  8119 | D:8      | Reached skill level 5 in Long Blades
  8119 | D:8      | Reached skill level 5 in Axes
  8119 | D:8      | Reached skill level 5 in Maces & Flails
  8119 | D:8      | Reached skill level 5 in Polearms
  8119 | D:8      | Reached skill level 5 in Staves
  8119 | D:8      | Reached skill level 5 in Ranged Weapons
  8119 | D:8      | Reached skill level 5 in Armour
  8119 | D:8      | Reached skill level 5 in Shields
  8119 | D:8      | Reached skill level 5 in Unarmed Combat
  8119 | D:8      | Reached skill level 5 in Spellcasting
  8119 | D:8      | Reached skill level 5 in Evocations
  8120 | D:8      | Reached XP level 10. HP: 77/77 MP: 17/17
  8627 | D:9      | HP: 3/78 [poisoned by a killer bee]
  8630 | D:9      | HP: 1/78 [poisoned by a killer bee]
  8699 | D:9      | Noticed a kobold demonologist
  8902 | D:10     | Entered Level 10 of the Dungeon
  9207 | D:9      | Killed a kobold demonologist
  9449 | D:8      | Reached * piety under Nemelex Xobeh
  9960 | D:8      | Found a staircase to the Lair.
 10611 | D:9      | Reached skill level 5 in Conjurations
 10611 | D:9      | Reached skill level 5 in Hexes
 10611 | D:9      | Reached skill level 5 in Summonings
 10611 | D:9      | Reached skill level 5 in Necromancy
 10611 | D:9      | Reached skill level 5 in Translocations
 10611 | D:9      | Reached skill level 5 in Transmutations
 10611 | D:9      | Reached skill level 5 in Fire Magic
 10611 | D:9      | Reached skill level 5 in Ice Magic
 10611 | D:9      | Reached skill level 5 in Air Magic
 10611 | D:9      | Reached skill level 5 in Earth Magic
 10611 | D:9      | Reached skill level 5 in Poison Magic
 10611 | D:9      | Reached XP level 11. HP: 8/85 MP: 20/20
 10941 | D:9      | Reached skill level 10 in Stealth
 11576 | D:10     | Noticed a two-headed ogre
 11587 | D:10     | Killed a two-headed ogre
 11798 | D:10     | Received a gift from Nemelex Xobeh
 12245 | D:10     | Reached ** piety under Nemelex Xobeh
 12245 | D:10     | Received a gift from Nemelex Xobeh
 12668 | Lair:1   | Entered Level 1 of the Lair of Beasts
 12915 | Lair:1   | Slain by a cane toad

Illustrated notes

Levels and vault maps discovered:
D:1:      dpeg_arrival_tiny_h, layout_basic
D:2:      layout_rooms, serial_shops, nicolae_shop_behind_doors,
          nicolae_grassy_gnolls
D:3:      layout_loops_cross
D:4:      layout_basic, minmay_fire_ice_demons
D:5:      layout_loops_ring, uniq_duvessa, uniq_grinder
D:6:      layout_cave_pools, minmay_overflow_temple_star_hex, uniq_maggie,
          uniq_eustachio
D:7:      layout_loops_ring, minmay_temple_entry_mist, nicolae_sextant,
          uniq_crazy_yiuf_cottage
D:8:      cheibrodos_fertilizer, layout_loops_ring, david_lair_shrubbed,
          enter_bailey_4, grunt_decor_cap
D:9:      layout_rooms, serial_curves, eino_curves_04, eino_curves_03
D:10:     layout_basic, kb_lookout_dungeons_type
Lair:1:   layout_roguey, evilmike_ambush [evilmike_ambush_outer_basic,
          evilmike_ambush_inner_basic]

Skill      XL: |  1  2  3  4  5  6  7  8  9 10 11 |
---------------+----------------------------------+-----
Invocations    | 1 2 3 4 5 6 7 |  7.3
Long Blades    | 1 2 3 5 6 |  6.6
Axes           | 1 2 3 5 6 |  6.6
Maces & Flails | 1 2 3 5 6 |  6.6
Polearms       | 1 2 3 5 6 |  6.6
Staves         | 1 2 3 5 6 |  6.6
Ranged Weapons | 1 2 3 5 6 |  6.6
Armour         | 1 2 3 5 6 |  6.6
Shields        | 1 2 3 5 6 |  6.6
Unarmed Combat | 1 2 3 5 6 |  6.6
Spellcasting   | 1 2 3 5 6 |  6.6
Evocations     | 1 2 3 5 6 |  6.6
Conjurations   | 1 2 3 4 5 |  5.5
Hexes          | 1 2 3 4 5 |  5.5
Summonings     | 1 2 3 4 5 |  5.5
Necromancy     | 1 2 3 4 5 |  5.5
Translocations | 1 2 3 4 5 |  5.5
Transmutations | 1 2 3 4 5 |  5.5
Fire Magic     | 1 2 3 4 5 |  5.5
Ice Magic      | 1 2 3 4 5 |  5.5
Air Magic      | 1 2 3 4 5 |  5.5
Earth Magic    | 1 2 3 4 5 |  5.5
Poison Magic   | 1 2 3 4 5 |  5.5
Dodging        | 3 4 5 6 7 |  7.2
Stealth        | 8 9 10 | 10.3
Fighting       | 5 6 7 8 |  8.2
Short Blades   | 5 6 7 8 |  8.2
Throwing       | 5 6 7 8 |  8.2

Action                     |  1- 3 |  4- 6 |  7- 9 | 10-12 || total
---------------------------+-------+-------+-------+-------++-------
  Melee: Dagger            |    81 |   182 |   223 |       ||   486
         Bite              |    12 |    17 |    32 |    19 ||    80
         Punch             |     2 |     2 |       |       ||     4
         Halberd           |       |       |    49 |       ||    49
         Glaive            |       |       |    66 |   234 ||   300
  Throw: Dart              |     8 |    28 |    58 |    28 ||   122
         Javelin           |       |     8 |     8 |     4 ||    20
         Throwing net      |       |       |     7 |       ||     7
   Cast: Necrotise         |       |     3 |       |       ||     3
 Invoke: Draw Destruction  |       |       |       |     1 ||     1
    Use: Scroll            |       |     4 |    16 |     5 ||    25
         Potion            |       |       |     4 |     6 ||    10
   Stab: Sleeping          |     4 |    16 |    17 |     3 ||    40
 Armour: Robe              |    18 |    35 |    68 |    40 ||   161
         Skin              |       |       |    62 |       ||    62
         Plate armour      |       |       |       |   115 ||   115
  Dodge: Dodged            |    51 |    70 |   178 |   200 ||   499
  Block: Kite shield       |       |       |    84 |       ||    84

Table legend: (Time is in decaauts)
 A = Elapsed time spent in this place.
 B = Non-inter-level travel time spent in this place.
 C = Inter-level travel time spent in this place.
 D = Time resting spent in this place.
 E = Time spent auto-exploring this place.
 F = Levels seen in this place.
 G = Mean time per level.
                   A        B        C        D        E       F      G
               +--------+--------+--------+--------+--------+-----+--------+
         Total |  12962 |  12432 |    530 |   4553 |   4635 |  11 | 1178.4 |
       Dungeon |  12710 |  12181 |    529 |   4399 |   4635 |  10 | 1271.0 |
          Lair |    252 |    252 |      0 |    154 |      0 |   1 |  252.0 |
               +--------+--------+--------+--------+--------+-----+--------+

Top non-repeatable levels by time:
     D:7: 2404 daAuts
     D:8: 2044 daAuts
     D:5: 1333 daAuts
    D:10: 1328 daAuts
     D:4: 1276 daAuts
     D:6: 1269 daAuts
     D:9: 1126 daAuts
     D:2: 737 daAuts
     D:3: 666 daAuts
     D:1: 523 daAuts
  Lair:1: 252 daAuts
